 Dungeon Crawl Stone Soup version 0.29.0-11-gd7f09526c8 (webtiles) character file.

Game seed: 6239919508721076714

137 gelatine the Chopper (level 5, 0/58 HPs)
             Began as a Demonspawn Gladiator on Sept 3, 2022.
             Was a Believer of Sif Muna.
             Succumbed to a goblin's poison
             ... on level 3 of the Dungeon.
             The game lasted 00:06:04 (2725 turns).

gelatine the Chopper (Demonspawn Gladiator)         Turns: 2725, Time: 00:06:04

Health: 0/58       AC: 22    Str: 17    XL:     5   Next: 0%
Magic:  5/5        EV:  2    Int:  9    God:    Sif Muna [**....]
Gold:   46         SH:  0    Dex: 14    Spells: 4/4 levels left

rFire   . . .      SeeInvis .   a - +0 war axe
rCold   . . .      Faith    .   (no shield)
rNeg    . . .      Spirit   .   (body armour currently unavailable)
rPois   +          Reflect  .   (helmet currently unavailable)
rElec   .          Harm     .   (cloak currently unavailable)
rCorr   .          Rampage  .   (gloves currently unavailable)
Will    .....      NoTele   +   (boots currently unavailable)
Stlth   +.........              (no amulet)
HPRegen 0.19/turn               (no ring)
MPRegen 0.09/turn               (no ring)

@: lethally poisoned (0 -> -14), tree-form
A: stationary, stasis, torment immunity, boosted hp, (claws 1), (horns 1)
a: Renounce Religion, Channel Magic


You were on level 3 of the Dungeon.
You worshipped Sif Muna.
Sif Muna was pleased with you.
You were a tree.
You visited 1 branch of the dungeon, and saw 3 of its levels.

You collected 46 gold pieces.

Inventory:

Hand Weapons
 a - a +0 war axe (weapon)
Missiles
 e - 3 poisoned darts (quivered)
 m - a javelin
Armour
 b - a +0 leather armour
 c - a +0 helmet
 f - a +0 ring mail (melded)
 n - a +0 chain mail
Wands
 d - a wand of charming (10)
Scrolls
 g - 2 scrolls of vulnerability {unknown}
 j - 2 scrolls of identify {unknown}
Potions
 h - a potion of cancellation
 l - a potion of curing {unknown}


   Skills:
 * Level 2.4 Fighting
 * Level 4.1 Axes
 + Level 1.8 Throwing
 * Level 1.6 Armour
 * Level 3.2 Dodging
 + Level 0.3 Stealth


You had 4 spell levels left.
You didn't know any spells.
Your spell library was empty.

Dungeon Overview and Level Annotations

Branches:
Dungeon (3/15)

Altars:
Sif Muna
Yredelemnul


Innate Abilities, Weirdness & Mutations

You are a tree.
Your roots penetrate the ground, keeping you stationary.
You cannot be teleported.
You are immune to unholy pain and torment.
Your maximum health is greatly increased.
Your equipment is partially melded.
((You have sharp fingernails.))
((You have a pair of small horns on your head.))


Message History

Robin is heavily wounded.
Robin hits you with a +0 club. Robin completely misses you.
You hit Robin.
Robin is severely wounded.
Robin throws the goblin at you!
The goblin unwields a +0 sling.
The goblin wields a +1 dagger of venom.
It begins to drip with poison!
The goblin hits you with a +1 dagger of venom.
You slash Robin!
You kill Robin!
Sif Muna accepts your kill.
You closely miss the goblin.
The goblin hits you with a +1 dagger of venom.
You are poisoned.
You have reached level 5!
Your demonic ancestry asserts itself...
Your fingernails lengthen.
You barely miss the goblin. Your headbutt misses the goblin.
You feel very sick.
The goblin hits you with a +1 dagger of venom.
You are lethally poisoned!
You hit the goblin.
The goblin is severely wounded.
You feel extremely sick. The goblin hits you but does no damage.
You are more poisoned.
The goblin barely misses you.
You closely miss the goblin.
The goblin is severely wounded.
* * * LOW HITPOINT WARNING * * *
You feel very sick. The goblin barely misses you.
You barely miss the goblin. Your headbutt misses the goblin.
The goblin is severely wounded.
* * * LOW HITPOINT WARNING * * *
You feel very sick.
The goblin no longer looks unusually strong.
The goblin hits you but does no damage.
It was a potion of lignification.
You turn into a tree.
Your +0 ring mail melds into your body.
Your roots penetrate the ground.
You die...

... ># ..###.#
..#...# .(.)#.##
....... .......
#########)......
........♣#.#.#
###
#####..g.##.#....
#.###........
#.###........
#.))).♣♣♣♣♣♣.
#####........
#.♣♣♣♣♣♣#
#.......#
#.......#


You could see a goblin.

Vanquished Creatures
  Terence (D:2)
  Robin (D:3)
  3 adders (D:2)
  A worm (D:2)
  5 ball pythons
  3 bats (D:1)
  6 endoplasms
  3 giant cockroaches
  13 goblins
  4 hobgoblins
  4 jackals (D:2)
  3 quokkas (D:1)
  4 frilled lizards
  4 kobolds
  9 rats
64 creatures vanquished.

Vanquished Creatures (others)
  A fungus (D:1)
  4 plants (D:1)
5 creatures vanquished.

Grand Total: 69 creatures vanquished

Notes
Turn   | Place    | Note
-------+----------+-------------------------------------------
     0 | D:1      | gelatine the Demonspawn Gladiator began the quest for the
                  | Orb.
     0 | D:1      | Reached XP level 1. HP: 16/16 MP: 1/1
   526 | D:1      | Reached skill level 3 in Axes
   526 | D:1      | Discovered your monstrous ancestry.
   526 | D:1      | Gained mutation: You have a pair of small horns on your
                  | head. [demonic ancestry]
   526 | D:1      | Reached XP level 2. HP: 20/22 MP: 2/2
   798 | D:1      | Found a faded altar of an unknown god.
   806 | D:1      | Prayed at the altar of an unknown god.
   806 | D:1      | Became a worshipper of Sif Muna the Loreminder
   806 | D:1      | Reached * piety under Sif Muna
  1669 | D:2      | Reached XP level 3. HP: 22/27 MP: 3/3
  1751 | D:2      | Reached skill level 1 in Armour
  1919 | D:2      | Reached ** piety under Sif Muna
  2088 | D:2      | Found a basalt altar of Yredelemnul.
  2145 | D:2      | Reached XP level 4. HP: 29/34 MP: 4/4
  2197 | D:2      | Noticed Terence
  2207 | D:2      | Killed Terence
  2667 | D:3      | Noticed Robin
  2697 | D:3      | Reached skill level 4 in Axes
  2720 | D:3      | Killed Robin
  2721 | D:3      | Gained mutation: You have sharp fingernails. [demonic
                  | ancestry]
  2721 | D:3      | Reached XP level 5. HP: 26/39 MP: 5/5
  2725 | D:3      | Succumbed to a goblin's poison

Illustrated notes

Levels and vault maps discovered:
D:1:      amcnicky_arrival_choice, layout_basic,
          shapermc_ecumenical_altar_acropolis, st_stairs_5, minivault_14,
          corexii_hall_statues_s, nicolae_kite_square_tiling_tiny,
          serial_bayou_ford_a
D:2:      layout_rooms, basic_altar, uniq_terence
D:3:      layout_basic, serial_forest, infiniplex_forest_lined_corner,
          infiniplex_forest_lined_room_2, infiniplex_forest_straight_3,
          infiniplex_forest_lined_3, infiniplex_forest_corner_2,
          infiniplex_forest_corner_1, infiniplex_forest_straight_2,
          infiniplex_forest_end_double, infiniplex_forest_lined_1,
          infiniplex_forest_fountain, nicolae_concentric_dashed_squares_wild,
          eino_tiny_chamber, uniq_crazy_yiuf_cottage, uniq_robin

Skill      XL: |  1  2  3  4 |
---------------+-------------+-----
Axes           | 3 4 |  4.1
Armour         | 1 |  1.6
Dodging        | 3 |  3.2
Fighting       | |  2.4
Throwing       | |  1.8
Stealth        | |  0.3

Action                   |  1- 3 |  4- 6 || total
-------------------------+-------+-------++-------
Melee: War axe           |   109 |    53 ||   162
       Headbutt          |    10 |     9 ||    19
       Punch             |     1 |       ||     1
Throw: Throwing net      |     1 |     2 ||     3
       Javelin           |       |     3 ||     3
       Dart              |       |     2 ||     2
  Use: Potion            |       |     4 ||     4
 Stab: Sleeping          |     1 |       ||     1
Armor: Leather armour    |    39 |       ||    39
       Ring mail         |       |    16 ||    16
Dodge: Dodged            |    84 |    26 ||   110
